 Seeded DCSS version 0.32-a0-975-g85d4e5bfdb (webtiles) character file.

Game seed: 202404181 (custom seed)

347 Orlauf the Poker (level 6, -6/48 HPs)
             Began as a Demonspawn Gladiator on Apr 18, 2024.
             Mangled by a black bear (8 damage)
             ... on level 5 of the Dungeon.
             The game lasted 00:06:55 (3771 turns).

Orlauf the Poker (Demonspawn Gladiator)             Turns: 3771, Time: 00:06:56

Health: -6/48      AC: 12    Str: 16    XL:     6   Next: 33%
Magic:  6/6        EV:  7    Int:  8    God:
Gold:   186        SH:  0    Dex: 21    Spells: 5/5 levels left

rFire   . . .        a - +0 trident
rCold   . . .        (no shield)
rNeg    + . .        l - +0 chain mail
rPois   .            h - +2 hat
rElec   .            (no cloak)
rCorr   .            (no gloves)
SInv    .            (no boots)
Will    .....        (no amulet) Stlth
                     o - +6 ring of dexterity
HPRegen 0.28/turn    q - ring of positive energy
MPRegen 0.20/turn

%: no passive effects
@: on fire, glowing
A: claws 1, thin metallic scales 1, magic regeneration
a: no special abilities


You were on level 5 of the Dungeon.
You visited 2 branches of the dungeon, and saw 6 of its levels.

You collected 186 gold pieces.

Inventory:

Hand Weapons
 a - a +0 trident (weapon)
Missiles
 d - 3 throwing nets (quivered)
 e - 13 javelins
Armour
 c - a +0 helmet
 h - a +2 hat (worn)
 l - a +0 chain mail (worn)
Jewellery
 o - a +6 ring of dexterity (left claw)
 q - a ring of positive energy (right claw)
 t - a ring of protection from cold
Wands
 r - a wand of mindburst (8)
 u - a wand of flame (9)
Scrolls
 b - 3 scrolls of poison
 f - a scroll of teleportation
 p - a scroll of identify
 s - a scroll of blinking
Potions
 g - 2 potions of curing
 i - a potion of degeneration {unknown}
 j - a potion of magic
 m - 3 potions of invisibility
 n - a potion of enlightenment {unknown}
 v - a potion of brilliance {unknown}


   Skills:
 + Level 4.1 Fighting
 * Level 5.6 Polearms
 - Level 1.7 Throwing
 - Level 2.6 Dodging


You had 5 spell levels left.
You didn't know any spells.
Your spell library contained the following spells:

 Spells                   Type           Power      Damage    Failure   Level
 Apportation              Tloc           0%         N/A       99%         1
 Sandblast                Erth           0%         2d4       99%         1
 Jinxbite                 Hex            0%         N/A       100%        2
 Dazzling Flash           Conj/Hex       0%         N/A       100%        3
 Mephitic Cloud           Conj/Alch/Air  0%         N/A       100%        3
 Passwall                 Erth           0%         N/A       100%        3
 Stone Arrow              Conj/Erth      0%         3d7       100%        3
 Summon Ice Beast         Ice/Summ       0%         N/A       100%        3
 Animate Armour           Summ/Erth      0%         N/A       100%        4
 Alistair's Intoxication  Alch           0%         N/A       100%        5
 Silence                  Hex/Air        0%         N/A       100%        5
 Summon Mana Viper        Hex/Summ       0%         N/A       100%        5
 Monstrous Menagerie      Summ           0%         N/A       100%        7
 Seismic Cannonade        Alch/Erth      0%         6d4       100%        7
 Lehudib's Crystal Spear  Conj/Erth      0%         10d2      100%        8


Dungeon Overview and Level Annotations

Branches:
Dungeon (5/15)             Temple (1/1) D:5

Altars:
Ashenzari
Cheibriados
Dithmenos
Gozag
Hepliaklqana
Kikubaaqudgha
Makhleb
Nemelex Xobeh
Qazlal
Ru
Sif Muna
Uskayaw
Vehumet
Wu Jian

Annotations:
D:5 3 runed translucent doors, ForkInBrain's ghost, novice DjNe


Innate Abilities, Weirdness & Mutations

You have sharp fingernails.
You are partially covered in thin metallic scales. (AC +2)
You regenerate magic rapidly.


Message History

You are too injured to fight recklessly!
You are too injured to fight recklessly!
You are too injured to fight recklessly!
You are too injured to fight recklessly!
You are too injured to fight recklessly!
You are too injured to fight recklessly!
You are too injured to fight recklessly!
You closely miss the black bear.
The black bear is severely wounded.
The black bear bites you but does no damage.
The black bear claws you but does no damage. x2
The black bear bites you!
* * * LOW HITPOINT WARNING * * *
The black bear barely misses you.
The black bear claws you but does no damage.
The bombardier beetle sprays incendiary fluid at you.
The burning spray hits you.
You are covered in liquid fire!
You feel much better. The liquid fire burns you! The black bear bites you.
The black bear claws you. x2
The black bear closely misses you. The black bear claws you.
* * * LOW HITPOINT WARNING * * *
The black bear claws you but does no damage.
You puncture the bombardier beetle!
The bombardier beetle is heavily wounded.
The liquid fire burns you!
* * * LOW HITPOINT WARNING * * *
The black bear bites you.
* * * LOW HITPOINT WARNING * * *
The black bear claws you but does no damage. x2
The bombardier beetle sprays incendiary fluid at you.
The burning spray hits you.
You are even more covered in liquid fire!
You puncture the bombardier beetle!
The bombardier beetle is almost dead.
The liquid fire burns you!
* * * LOW HITPOINT WARNING * * *
The black bear bites you!
You die...

JW#..##..#####
..#..........#
..#..........#
#.#..........#
..#..........#
..#..........# #
..#..........# .#
###..........###########
....(.....(.....@h......
.................B......
......##################
####### .


You could see a black bear (berserk) and a bombardier beetle.

Vanquished Creatures
  A phantom (D:4)
  Terence (D:2)
  A sleepcap (D:5)
  Natasha (thrice) (D:2)
  An iguana (D:4)
  Robin (D:2)
  2 adders
  6 dart slugs
  3 ribbon worms
  7 ball pythons
  5 endoplasms
  5 giant cockroaches
  10 goblins
  7 hobgoblins
  10 jackals
  A quokka (D:2)
  A bat (D:1)
  2 frilled lizards
  3 kobolds
  8 rats
78 creatures vanquished.

Notes
Turn   | Place    | Note
-------+----------+-------------------------------------------
     0 | D:1      | Orlauf the Demonspawn Gladiator began the quest for the
                  | Orb.
     0 | D:1      | Reached XP level 1. HP: 16/16 MP: 1/1
   179 | D:1      | Reached skill level 3 in Polearms
   196 | D:1      | Gained mutation: You are partially covered in thin metallic
                  | scales. (AC +2) [demonic ancestry]
   196 | D:1      | Reached XP level 2. HP: 14/22 MP: 2/2
   322 | D:1      | Found a faded altar of an unknown god.
   850 | D:2      | Reached XP level 3. HP: 6/28 MP: 3/3
  1008 | D:2      | Noticed Terence
  1025 | D:2      | Killed Terence
  1027 | D:2      | Reached skill level 4 in Polearms
  1027 | D:2      | Gained mutation: You regenerate magic rapidly. [demonic
                  | ancestry]
  1027 | D:2      | Reached XP level 4. HP: 24/34 MP: 4/4
  1138 | D:2      | Noticed Natasha
  1144 | D:2      | Killed Natasha
  1330 | D:2      | Noticed Natasha
  1343 | D:2      | Killed Natasha
  1344 | D:2      | Identified the +5 hand axe "Tormentor" {holy, rElec rC+}
  1615 | D:2      | Noticed Natasha
  1622 | D:2      | Killed Natasha
  1623 | D:2      | Reached XP level 5. HP: 36/41 MP: 5/5
  1683 | D:2      | Noticed Robin
  1692 | D:2      | Killed Robin
  2810 | D:4      | Noticed a phantom
  2825 | D:4      | Killed a phantom
  2826 | D:4      | Reached skill level 5 in Polearms
  2826 | D:4      | Gained mutation: You have sharp fingernails. [demonic
                  | ancestry]
  2826 | D:4      | Reached XP level 6. HP: 48/48 MP: 6/6
  3533 | D:5      | Entered Level 5 of the Dungeon
  3613 | D:5      | Found a staircase to the Ecumenical Temple.
  3619 | Temple   | Entered the Ecumenical Temple
  3644 | D:5      | Found a runed translucent gate.
  3647 | D:5      | Found a runed translucent gate.
  3649 | D:5      | Found a runed translucent gate.
  3652 | D:5      | Noticed ForkInBrain's ghost (novice DjNe)
  3771 | D:5      | HP: 2/48 [burnt (3)]
  3771 | D:5      | Mangled by a black bear

Illustrated notes

Levels and vault maps discovered:
D:1:      psy_arrival_fountain, layout_loops_cross,
          ebering_ecumenical_altar_webs
D:2:      layout_loops_ring, uniq_robin, uniq_terence, uniq_natasha
D:3:      layout_basic
D:4:      layout_loops_ring, solitary_fountain, kennysheep_generic_room_14
D:5:      kennysheep_windowed_halls, layout_rooms,
          nicolae_overflow_hidden_temple, overflow_temple_1_default,
          minmay_temple_entry_waves, gammafunk_ghost_split
Temple:   eino_temple_scatter_basement

Skill      XL: |  1  2  3  4  5  6 |
---------------+-------------------+-----
Polearms       | 3 4 5 |  5.6
Fighting       | 3 4 |  4.1
Throwing       | |  1.7
Dodging        | |  2.6

Action                     |  1- 3 |  4- 6 || total
---------------------------+-------+-------++-------
  Melee: Trident           |   105 |   214 ||   319
  Throw: Throwing net      |     3 |       ||     3
    Use: Scroll            |     1 |     8 ||     9
         Potion            |     1 |     1 ||     2
 Armour: Leather armour    |    71 |       ||    71
         Chain mail        |       |   160 ||   160
         Scale mail        |       |     5 ||     5
  Dodge: Dodged            |    82 |    66 ||   148

Table legend: (Time is in decaauts)
 A = Elapsed time spent in this place.
 B = Non-inter-level travel time spent in this place.
 C = Inter-level travel time spent in this place.
 D = Time resting spent in this place.
 E = Time spent auto-exploring this place.
 F = Levels seen in this place.
 G = Mean time per level.
                   A        B        C        D        E       F      G
               +--------+--------+--------+--------+--------+-----+--------+
         Total |   3822 |   3686 |    136 |    254 |   2723 |   6 |  637.0 |
       Dungeon |   3802 |   3672 |    130 |    254 |   2723 |   5 |  760.4 |
        Temple |     19 |     13 |      6 |      0 |      0 |   1 |   19.0 |
               +--------+--------+--------+--------+--------+-----+--------+

Top non-repeatable levels by time:
     D:2: 1237 daAuts
     D:1: 836 daAuts
     D:3: 762 daAuts
     D:4: 747 daAuts
     D:5: 219 daAuts
  Temple: 19 daAuts
